 Dungeon Sprint DCSS version 0.32-a0-411-g744942f433 (webtiles) character file.

Game seed: 8590956601082042364

0 shadowstone the Changeling (level 1, -4/13 HPs)
             Began as an Octopode Shapeshifter on Feb 20, 2024.
             Slain by an orc warrior
             ... wielding a +0 long sword
              (17 damage)
             ... in the Dungeon (Sprint VI: "Thunderdome").
             The game lasted 00:00:28 (47 turns).

shadowstone the Changeling (Octopode Shapeshifter)    Turns: 47, Time: 00:00:29

Health: -4/13      AC:  1    Str: 13    XL:     1   Next: 40%
Magic:  1/1        EV: 13    Int: 12    God:
Gold:   200        SH:  0    Dex: 11    Spells: 0/0 levels left

rFire   . .          .
                       - Unarmed
rCold   . . .        (no shield)
rNeg    . . .        (helmet currently unavailable)
rPois   .            (no amulet)
rElec   .            (no ring)
rCorr   .            (no ring)
SInv    .            (no ring)
Will    .....        (no ring)
Stlth   ++           (no ring)
HPRegen 0.22/turn    (no ring)
MPRegen 0.07/turn    (no ring)
                     (no ring)

%: no teleportation
@: beast-form
A: beast (slay +2), almost no armour, amphibious, 8 rings, camouflage 1,
gelatinous body 1, (nimble swimmer 1), tentacles
a: Begin Untransformation


You were in the Dungeon.
You were a hulking beast.
You visited 1 branch You collected 200 gold pieces.

Inventory:

Talismans
 b - a beast talisman (active)
 c - a flux talisman
Wands
 k - a wand of acid (4) (quivered)
 l - a wand of iceblast (5)
Scrolls
 i - 4 scrolls of blinking
 m - 3 scrolls of fog
Potions
 a - a potion of lignification
 d - a potion of curing
 e - 4 potions of heal wounds
 f - 4 potions of haste
 g - 2 potions of magic
 h - a potion of berserk rage
 j - a potion of resistance


   Skills:
 + Level 1.0 Fighting
 + Level 2.1 Dodging
 + Level 3.4 Unarmed Combat
 + Level 3.5 Shapeshifting


You couldn't memorise any spells.
You didn't know any spells.
Your spell library was empty.

Dungeon Overview and Level Annotations

Branches:
Dungeon (1/1)

Altars:
Dithmenos
Fedhas
Gozag
Qazlal
Sif Muna
Trog
Vehumet
Wu Jian
Xom
Zin
The Shining One
Beogh

Shops:
D =??:(!!


Innate Abilities, Weirdness & Mutations

You are a hulking beast.
Your limbs bulge with bestial killing power. (Slay +2)
You cannot wear most types of armour.
You are amphibious.
You can wear up to eight rings at the same time.
Your skin changes colour to match your surroundings (Stealth+).
Your rubbery body absorbs attacks. (AC +1, EV +1)
((You are camouflaged when in or above water. (Stealth+)))
You have tentacles for arms and can constrict up to eight enemies at once.


Message History

You now have 200 gold pieces.
j - a potion of resistance;
k - a wand of acid (5);
l - a wand of iceblast (5)
f - 4 potions of haste (gained 3);
e - 4 potions of heal wounds (gained 3)
m - 3 scrolls of fog;
i - 4 scrolls of blinking (gained 3)
There is a staircase leading out of the dungeon here.
Get ready!
There is a staircase leading out of the dungeon here.
Found a bloodstained altar of Trog.
ROUND 1!
FIGHT!
Found a shimmering blue altar of Sif Muna.
Found an ornate altar of the Wu Jian Council.
Found Ychob's Staff Store and Telij's Magic Scroll Shop.
Found a shimmering altar of Xom and a glowing golden altar of the Shining One.
Found Ripteod's Must-Have Magic and Moer's Magic Scroll Shop.
Found a blossoming altar of Fedhas.
Found Fonwait's Distillery.
Found Lipt's Do-It-Yourself Clinic.
Found three altars.
An orc comes into view. It is wielding a +0 mace.
The orc shouts!
The bolt of acid misses the orc.
The orc barely misses you.
You tentacle-slap the orc. You grab the orc.
The orc is heavily wounded.
You constrict the orc, but do no damage.
You bludgeon the orc!
You kill the orc!
You see here a +0 mace.
An orc warrior comes into view. It is wielding a +0 long sword.
The orc warrior shouts!
An orc comes into view. It is wielding a +0 whip.
Found a roughly hewn altar of Beogh.
Found a glowing silver altar of Zin.
Found a stormy altar of Qazlal.
An orc comes into view. It is wielding a +0 hand axe.
The orc moves out of view.
Found Vaibb's Timeless Talismans.
The orc warrior attacks as it pursues you!
The orc warrior hits you with a +0 long sword!
Ouch! That really hurt!
You die...

##∩.....∩## #∩.......∩#
#_.....)..# #_........#
#_........#
###.........###
#⌠...........⌠#
#####.ß.........ß.#####
∩___...ho.###......___∩
........ß.# #.ß........
..........###..........
.......###...###.......
....... #.<.# .......
....... #...# .......
....... ..###..........
........ß. .ß........
...... ......___∩


You could see an orc warrior.

Vanquished Creatures
  An orc (D)
1 creature vanquished.

Notes
Turn   | Place    | Note
-------+----------+-------------------------------------------
     0 | D        | shadowstone the Octopode Shapeshifter began the quest for
                  | the Orb.
     0 | D        | Reached XP level 1. HP: 13/13 MP: 1/1
     5 | D        | Found a bloodstained altar of Trog.
     5 | D        | Round 1.
     6 | D        | Found a shimmering blue altar of Sif Muna.
     7 | D        | Found an ornate altar of the Wu Jian Council.
     8 | D        | Found a shimmering altar of Xom.
     8 | D        | Found a glowing golden altar of the Shining One.
     8 | D        | Found Ychob's Staff Store.
     8 | D        | Found Telij's Magic Scroll Shop.
     9 | D        | Found Ripteod's Must-Have Magic.
     9 | D        | Found Moer's Magic Scroll Shop.
    16 | D        | Found a blossoming altar of Fedhas.
    18 | D        | Found Fonwait's Distillery.
    19 | D        | Found a radiant altar of Vehumet.
    19 | D        | Found a shadowy altar of Dithmenos.
    19 | D        | Found an opulent altar of Gozag.
    19 | D        | Found Lipt's Do-It-Yourself Clinic.
    38 | D        | Noticed an orc warrior
    40 | D        | Found a roughly hewn altar of Beogh.
    42 | D        | Found a glowing silver altar of Zin.
    44 | D        | Found a stormy altar of Qazlal.
    47 | D        | Found Vaibb's Timeless Talismans.
    47 | D        | Slain by an orc warrior

Illustrated notes

Levels and vault maps discovered:
D:        arena_sprint

Action                     || total
---------------------------++-------
  Melee: Unarmed           ||     2
         Constrict         ||     1
  Evoke: Wand              ||     1
 Armour: Skin              ||     1
  Dodge: Dodged            ||     1

Table legend: (Time is in decaauts)
 A = Elapsed time spent in this place.
 B = Non-inter-level travel time spent in this place.
 C = Inter-level travel time spent in this place.
 D = Time resting spent in this place.
 E = Time spent auto-exploring this place.
 F = Levels seen in this place.
 G = Mean time per level.
                   A        B        C        D        E       F      G
               +--------+--------+--------+--------+--------+-----+--------+
         Total |     46 |     43 |      3 |      0 |      0 |   1 |   46.0 |
       Dungeon |     46 |     43 |      3 |      0 |      0 |   1 |   46.0 |
               +--------+--------+--------+--------+--------+-----+--------+

Top non-repeatable levels by time:
       D: 46 daAuts
